 Dungeon Crawl Stone Soup version 0.23-a0-577-g2b1de94 (webtiles) character file.

370 tilp the Poker (level 6, 0/41 HPs)
             Began as a Merfolk Ice Elementalist on Dec 15, 2018.
             Slain by an orc
             ... wielding a +0 club
              (7 damage)
             ... on level 4 of the Dungeon on Dec 16, 2018.
             The game lasted 00:10:06 (4112 turns).

tilp the Poker (Merfolk Ice Elementalist)           Turns: 4112, Time: 00:10:07

Health: 0/41       AC:  3    Str:  9    XL:     6   Next: 70%
Magic:  5/9        EV: 13    Int: 16    God:
Gold:   300        SH:  0    Dex: 14    Spells: 3/9 levels left

rFire    . . .     SeeInvis .   m - +0 short sword (drain)
rCold    . . .     Gourm    .   (no shield)
rNeg     . . .     Faith    .   a - +0 robe
rPois    .         Spirit   .   x - +0 helmet
rElec    .         Reflect  .   (no cloak)
rCorr    .         Harm     .   (no gloves)
MR       .....                  (no boots)
Stlth    ++........             (no amulet)
HPRegen  0.13/turn              (no ring)
MPRegen  0.11/turn              (no ring)

@: lethally poisoned (0 -> -4)
A: change form in water, swift swim, stealthy swim
a: no special abilities


You were on level 4 of the Dungeon.
You were not hungry.

You visited 1 branch of the dungeon, and saw 4 of its levels.

You collected 300 gold pieces.

Inventory:

Hand Weapons
 k - a +1 spear
 m - a +0 short sword of draining (weapon)
 t - a +0 hand axe of flaming
Missiles
 d - 115 stones
 n - 3 javelins (quivered)
 o - 8 silver javelins
 u - 2 tomahawks of returning
 v - 4 tomahawks
Armour
 a - a +0 robe (worn)
 p - a +0 helmet
 x - a +0 helmet (worn)
Magical Staves
 f - an uncursed staff of fire {unknown}
Scrolls
 e - a scroll of enchant weapon
 g - a scroll of amnesia {unknown}
 h - 2 scrolls of magic mapping {unknown}
 i - a scroll of teleportation {unknown}
 l - 2 scrolls of identify
 q - a scroll of enchant armour {unknown}
 w - a scroll of noise {unknown}
Potions
 b - 2 potions of brilliance
 j - a potion of curing
 r - a potion of mutation
Comestibles
 c - 10 rations


   Skills:
 + Level 6.4 Polearms
 - Level 2.6 Dodging
 - Level 2.1 Stealth
 - Level 2.0 Spellcasting
 - Level 0.7 Conjurations
 - Level 6.1 Ice Magic


You had 3 spell levels left.
You knew the following spells:

 Your Spells              Type           Power        Failure   Level  Hunger
a - Freeze                Ice            ###.         1%          1    #......
b - Throw Frost           Conj/Ice       ##....       8%          2    ###....
c - Ozocubu's Armour      Chrm/Ice       ##......     17%         3    ###....

Your spell library contained the following spells:

 Spells                   Type           Power        Failure   Level  Hunger
 Throw Icicle             Conj/Ice       ##......     45%         4    #####..
 Summon Ice Beast         Ice/Summ       ##......     50%         4    #####..


Dungeon Overview and Level Annotations

Branches:
Dungeon (4/15)
 Temple: D:4-7

Altars:
Nemelex Xobeh


Message History

You kill the orc!
You feel sick.
You hit something.
You feel sick. Something hits you.
Casting: Freeze (safe; 1% risk of failure)
Confirm with . or Enter, or press ? or * to list all spells.
Aiming: Freeze (safe; 1% risk of failure)
Press: ? - help, Shift-Dir - straight line You freeze something.
Something hits you.
* * * LOW HITPOINT WARNING * * *
Casting: Freeze (safe; 1% risk of failure)
Confirm with . or Enter, or press ? or * to list all spells.
Aiming: Freeze (safe; 1% risk of failure)
Press: ? - help, Shift-Dir - straight line You freeze something.
Reactivating autopickup.
You feel a bit more experienced.
You feel sick.
You closely miss the orc.
You feel sick.
An orc priest comes into view. It is wielding a +0 mace.
The orc hits you with a +0 club!
You die...

.#..####......#..#.#
.##...#........#.#.##....
..###...................#
.......).....>.........#
.......)...............
#....#................
..##............##..#
####...........###..# #
####........o@oo.# #
#..........#o..# ######.
#..........#...##.......
#..........###..#.......
#..........# ##.o.o.o...
#..........# ###.......
##........## .......
##......## .......
######## .......


You could see an orc priest (wandering), an orc wizard and 3 orcs.

Vanquished Creatures
  A crimson imp (D:3)
  An orc priest (D:3)
  4 orc wizards
  A worker ant (D:4)
  Robin (D:4)
  4 adders
  2 worms (D:3)
  A dart slug (D:1)
  5 leopard geckos
  16 orcs
  A ball python (D:1)
  A bat zombie (D:1)
  5 giant cockroaches
  15 goblins
  12 hobgoblins
  3 jackals (D:1)
  6 kobolds
  11 bats
  6 frilled lizards
  9 rats
105 creatures vanquished.

Notes
Turn   | Place    | Note
-------+----------+-------------------------------------------
     0 | D:1      | tilp the Merfolk Ice Elementalist began the quest for the
                  | Orb.
     0 | D:1      | Reached XP level 1. HP: 13/13 MP: 3/3
   580 | D:1      | Reached XP level 2. HP: 19/19 MP: 0/5
   822 | D:1      | Reached XP level 3. HP: 24/24 MP: 3/6
   827 | D:1      | Learned a level 2 spell: Throw Frost
   831 | D:1      | Learned a level 3 spell: Ozocubu's Armour
  1040 | D:1      | Found a sparkling altar of Nemelex Xobeh.
  1730 | D:2      | Reached skill level 5 in Ice Magic
  1803 | D:2      | Reached XP level 4. HP: 10/30 MP: 2/7
  2495 | D:3      | Reached XP level 5. HP: 30/35 MP: 3/8
  2588 | D:3      | Reached skill level 1 in Polearms
  3333 | D:3      | Reached XP level 6. HP: 17/41 MP: 2/9
  3725 | D:4      | Noticed Robin
  3734 | D:4      | Reached skill level 5 in Polearms
  3782 | D:4      | Killed Robin
  4112 | D:4      | Slain by an orc

Vault maps used:
D:1:      saegor_arrival_fortress, serial_bayou_lagoon_a,
          nemelex_xobeh_ov_fountains_minmay
D:2:      minmay_spotlight, serial_curves, eino_curves_02, eino_curves_03
D:4:      hellmonk_ghost_happy_afterlife, first_ration, uniq_robin

Skill      XL: |  1  2  3  4  5  6 |
---------------+-------------------+-----
Ice Magic      | 4 5 6 |  6.1
Polearms       | 4 6 |  6.4
Dodging        | |  2.6
Stealth        | |  2.1
Spellcasting   | |  2.0
Conjurations   | |  0.7

Action                   |  1- 3 |  4- 6 || total
-------------------------+-------+-------++-------
Melee: Unarmed           |    13 |       ||    13
       Dagger            |    30 |     2 ||    32
       Short sword       |       |   139 ||   139
Throw: Stone             |     2 |       ||     2
 Cast: Freeze            |    45 |    61 ||   106
       Throw Frost       |       |     1 ||     1
       Ozocubu's Armour  |       |     1 ||     1
  Use: Scroll            |       |     4 ||     4
       Potion            |       |     3 ||     3
 Stab: Sleeping          |     5 |     8 ||    13
       Distracted        |     1 |       ||     1
  Eat: Chunk             |     3 |     9 ||    12
Armor: Robe              |    22 |    35 ||    57
Dodge: Dodged            |    64 |   123 ||   187

Table legend:
 A = Non-vault XP
 B = Vault XP
 C = Vault XP percentage of total XP
 D = Non-vault monster count
 E = Vault monster count
 F = Vault count percentage of total count
                 A         B        C        D         E       F
            +---------+---------+-------+---------+---------+-------
      Total |     482 |      47 |   8.9 |      87 |      18 |  17.1
            +---------+---------+-------+---------+---------+-------
        D:1 |      48 |       2 |   4.0 |      27 |       1 |   3.6
        D:2 |      52 |       7 |  11.9 |      16 |       5 |  23.8
        D:3 |     223 |       0 |   0.0 |      33 |       0 |   0.0
        D:4 |     159 |      38 |  19.3 |      11 |      12 |  52.2
            +---------+---------+-------+---------+---------+-------
